 Dungeon Crawl Stone Soup version 0.21-a0-104-g7b58145 (console) character file.

155 removed the Slasher (level 5, 0/31 HPs)
             Began as a Deep Elf Fighter on July 6, 2017.
             Succumbed to an adder's poison
             ... on level 2 of the Dungeon.
             The game lasted 00:03:42 (2516 turns).

removed the Slasher (Deep Elf Fighter)              Turns: 2516, Time: 00:03:43

Health: 0/31       AC:  6    Str: 15    XL:     5   Next: 14%
Magic:  7/7        EV:  6    Int: 15    God:
Gold:   74         SH:  8    Dex: 15    Spells: 4/4 levels left

rFire    . . .     SeeInvis .   a - +0 long sword
rCold    . . .     Gourm    .   c - +0 shield
rNeg     . . .     Faith    .   b - +0 scale mail
rPois    .         Spirit   .   (no helmet)
rElec    .         Reflect  .   (no cloak)
rCorr    .         Harm     .   (no gloves)
MR       .....                  (no boots)
Stlth    ..........             (no amulet)
HPRegen  0.10/turn              (no ring)
MPRegen  0.10/turn              (no ring)

@: lethally poisoned (0 -> -5)
A: clever 1, strong 1, evolution 1
a: no special abilities


You were on level 2 of the Dungeon.
You were not hungry.

You visited 1 branch of the dungeon, and saw 3 of its levels.

You collected 74 gold pieces.

Inventory:

Hand Weapons
 a - a +0 long sword (weapon)
Missiles
 s - 18 poisoned needles
Armour
 b - a +0 scale mail (worn)
 c - a +0 shield (worn)
 j - a +0 chain mail
Scrolls
 i - 2 scrolls of remove curse {unknown}
 k - a scroll of teleportation {unknown}
 q - a scroll of enchant armour {unknown}
 t - a scroll of random uselessness {unknown}
Potions
 d - 2 potions of might
 p - a potion of curing {unknown}
Comestibles
 f - 3 bread rations
 m - 2 meat rations
 r - 7 chunks of flesh


   Skills:
 - Level 2.4 Fighting
 + Level 4.9 Long Blades
 - Level 2.4 Armour
 - Level 2.4 Shields


You had 4 spell levels left.
You didn't know any spells.

Dungeon Overview and Level Annotations

Branches:
Dungeon (3/15)

Altars:


Innate Abilities, Weirdness & Mutations

Your mind is acute. (Int +2)
Your muscles are strong. (Str +2)
You evolve.


Message History

The floor.
It was a potion of mutation.
You feel extremely strange.
You feel clever.
You feel nature experimenting on you.
Don't worry, failures die fast.
You feel stronger. The adder bites you.
* * * LOW HITPOINT WARNING * * *
The orc closely misses you.
You riposte.
You barely miss the orc.
It was a potion of lignification.
You turn into a tree.
Your +0 scale mail melds into your body.
Your roots penetrate the ground.
The adder barely misses you.
You riposte.
You miss the adder.
The adder is severely wounded.
You block the orc's attack.
It was a potion of cancellation.
Your magical effects are unravelling.
You feel magically purged.
You feel less wooden.
Your +0 scale mail unmelds from your body.
You die...

#.# ######### #.#
#.......# #.#
#.#####.#######.# #..##
#.##......#
##...###.##......########
##.......................#
#.......#S##......######.#
##.....##@##.......## #.#
##...###o#####.....# #.#
#.......# ##...## #.#
###.###### ##.## #.#
#.......### #.# ####.#
#.#.......# #)# #.....
#.#####.#.# ##'###.##<#
#.# #.#.# ##...##.##.#
#.#####.#.# ##.....#.##..


You could see an adder and an orc.

Vanquished Creatures
  4 adders
  4 gnolls (D:2)
  An ooze (D:2)
  3 worms (D:2)
  3 dart slugs
  2 leopard geckos (D:1)
  2 ball pythons (D:2)
  2 giant cockroaches (D:1)
  5 goblins
  13 hobgoblins
  4 jackals (D:1)
  5 bats
  3 frilled lizards
  8 kobolds
  3 rats
62 creatures vanquished.

Notes
Turn   | Place    | Note
-------+----------+-------------------------------------------
     0 | D:1      | removed the Deep Elf Fighter began the quest for the Orb.
     0 | D:1      | Reached XP level 1. HP: 13/13 MP: 3/3
    59 | D:1      | Reached skill level 2 in Long Blades
   190 | D:1      | Reached XP level 2. HP: 13/18 MP: 4/4
   579 | D:1      | Reached skill level 3 in Long Blades
   774 | D:1      | Reached XP level 3. HP: 22/22 MP: 5/5
  1253 | D:2      | Reached skill level 4 in Long Blades
  1253 | D:2      | Reached XP level 4. HP: 15/27 MP: 6/6
  2104 | D:2      | Reached XP level 5. HP: 31/31 MP: 7/7
  2514 | D:2      | Gained mutation: Your mind is acute. (Int +2) [potion of mutation]
  2514 | D:2      | Gained mutation: You evolve. [potion of mutation]
  2514 | D:2      | Gained mutation: Your muscles are strong. (Str +2) [potion of mutation]
  2514 | D:2      | HP: 1/31 [adder (4)]
  2516 | D:2      | Succumbed to an adder's poison

Vault maps used:
D:1:      dpeg_arrival_rhombus
D:3:      lemuel_blue_sif_altar, lemuel_doored_altar, guppyfry_early_orc_mine,
          uniq_robin

Skill      XL: |  1  2  3 |
---------------+----------+-----
Long Blades    | 2 3 4 |  4.9
Fighting       | |  2.4
Armour         | |  2.4
Shields        | |  2.4

Action                   |  1- 3 |  4- 6 || total
-------------------------+-------+-------++-------
Melee: Long sword        |   120 |    93 ||   213
  Use: Potion            |       |     3 ||     3
  Eat: Chunk             |     1 |     5 ||     6
Armor: Scale mail        |    51 |    38 ||    89
       Chain mail        |     1 |       ||     1
Dodge: Dodged            |    34 |    22 ||    56
Block: Shield            |    47 |    44 ||    91
       Rpst.: Long sword |    12 |     9 ||    21
